 Dungeon Crawl Stone Soup version 0.31-a0-662-g684573625c (webtiles) character file.

Game seed: 12840188151927949284

3310 rvierbuc the Trooper (level 9, 0/79 HPs)
             Began as a Green Draconian Shapeshifter on Aug 30, 2023.
             Was an Initiate of Ashenzari.
             Slain by a bullfrog (3 damage)
             ... on level 8 of the Dungeon on Sept 1, 2023.
             The game lasted 00:28:14 (8443 turns).

rvierbuc the Trooper (Green Draconian Shapeshifter) Turns: 8443, Time: 00:28:14

Health: 0/79       AC:  7    Str: 21    XL:     9   Next: 70%
Magic:  9/9        EV: 13    Int: 11    God:    Ashenzari [......]
Gold:   413        SH:  0    Dex: 10    Spells: 8/8 levels left

rFire   . .          .
                       - Unarmed
rCold   . . .        (no shield)
rNeg    . . .        (body armour unavailable)
rPois   +            (helmet currently unavailable)
rElec   .            (cloak currently unavailable)
rCorr   .            (gloves currently unavailable)
SInv    .            (boots currently unavailable)
Will    .....        k - amulet "Bound With Me" {Acrobat, Melee, Fort} (curse)
Stlth   +            (no ring)
HPRegen 0.33/turn    (no ring)
MPRegen 0.11/turn

%: acrobat
@: beast-form
A: beast (slay +4), breathe noxious fumes, AC +7, unfitting armour, poison
resistance, cold-blooded
a: Breathe Noxious Fumes, Begin Untransformation, Renounce Religion, Curse Item,
Shatter the Chains


You were on level 8 of the Dungeon.
You worshipped Ashenzari.
Ashenzari was noncommittal.
You were a hulking beast.
You visited 2 branches of the dungeon, and saw 9 of its levels.
You also visited: Sewer.

You collected 413 gold pieces.

Inventory:

Hand Weapons
 H - a +1 dagger of chaos
Missiles
 q - 12 poisoned darts
 x - a curare-tipped dart
 D - a throwing net
 I - 5 javelins
Armour
 h - a +0 cloak
Jewellery
 k - the cursed amulet "Bound With Me" (around neck) {Acrobat, Melee, Fort}
   (You found it on level 2 of the Dungeon)

   [amulet of the acrobat]

   Acrobat:   It increases your evasion while moving and waiting.
   It has a curse which improves the following skills: Melee Combat: Short
   Blades, Long Blades, Axes, Maces & Flails, Polearms, Staves and Unarmed
   Combat.
   Fortitude: Shields.
 B - a ring of ice
Talismans
 b - a beast talisman (active)
 c - a flux talisman
 d - a blade talisman
 F - a maw talisman
Wands
 C - a wand of iceblast (8)
 E - a wand of polymorph (1)
Scrolls
 f - a scroll of fog {unknown}
 i - 4 scrolls of identify {unknown}
 m - 2 scrolls of teleportation {unknown}
 n - a scroll of enchant weapon {unknown}
 p - a scroll of immolation {unknown}
 y - a scroll of enchant armour {unknown}
 z - a scroll of silence {unknown}
 G - a scroll of torment {unknown}
Potions
 a - 2 potions of lignification
 e - 2 potions of curing
 g - 4 potions of enlightenment {unknown}
 j - 4 potions of berserk rage {unknown}
 l - 5 potions of mutation {unknown}
 o - 3 potions of heal wounds {unknown}
 r - 4 potions of brilliance {unknown}
 s - a potion of attraction {unknown}
 t - 4 potions of haste {unknown}
 u - 2 potions of might {unknown}
 v - 2 potions of magic {unknown}
 w - 2 potions of resistance {unknown}
 A - a potion of ambrosia {unknown}


   Skills:
 + Level 7.6 Fighting
 + Level 6.5 Dodging
 + Level 7.5(7.9) Unarmed Combat
 + Level 7.0 Shapeshifting


You had 8 spell levels left.
You didn't know any spells.
Your spell library contained the following spells:

 Spells                   Type           Power      Damage    Failure   Level
 Summon Small Mammal      Summ           0%         N/A       34%         1
 Blink                    Tloc           0%         N/A       47%         2
 Ensorcelled Hibernation  Hex/Ice        0%         N/A       47%         2
 Lesser Beckoning         Tloc           0%         N/A       47%         2
 Momentum Strike          Conj/Tloc      0%         3d8       47%         2
 Passwall                 Tmut/Erth      0%         N/A       47%         2
 Call Canine Familiar     Summ           0%         N/A       71%         3
 Summon Guardian Golem    Hex/Summ       0%         N/A       71%         3
 Swiftness                Air            0%         N/A       71%         3
 Volatile Blastmotes      Fire/Tloc      0%         2d10      71%         3
 Fulminant Prism          Conj/Hex       0%         3d5       98%         4
 Iskenderun's Mystic Bla  Conj/Tloc      0%         2d3       98%         4


Dungeon Overview and Level Annotations

Branches:
Dungeon (8/15)             Temple (1/1) D:5           Sewer (visited)
   Lair: D:8-11

Altars:
Ashenzari
Cheibriados
Elyvilon
Fedhas
Hepliaklqana
Kikubaaqudgha
Makhleb
Nemelex Xobeh
Okawaru
Sif Muna
Trog
Vehumet
Wu Jian
Xom
Yredelemnul
Zin
The Shining One

Shops:
D:1 =   D:2 =   D:6 *

Portals:
Bailey: D:8

Annotations:
D:6 3 runed translucent doors, soul19's ghost, novice DsMo


Innate Abilities, Weirdness & Mutations

You are a hulking beast.
Your limbs bulge with bestial killing power. (Slay +4)
You can breathe blasts of noxious fumes.
Your lurid green scales are hard. (AC +7)
You cannot fit into any form of body armour.
Your system is resistant to poisons. (rPois)
You are cold-blooded and may be slowed by cold attacks.


Message History

The goblin shouts!
The bullfrog croaks.
Found a fuming sapphire potion and 12 gold pieces.
The goblin throws a boomerang.
The boomerang completely misses you. The bullfrog closely misses you.
The bullfrog hits you!
* * * LOW HITPOINT WARNING * * *
Why would you want to do that? Why would you want to do that?
Unknown command.
You closely miss the goblin. The bullfrog hits you.
* * * LOW HITPOINT WARNING * * *
The goblin hits you but does no damage.
You punch the goblin!
You kill the goblin!
The bullfrog hits you.
* * * LOW HITPOINT WARNING * * *
The water moccasin bites you but does no damage.
The goblin throws a boomerang.
The boomerang barely misses you. The water moccasin barely misses you.
The bullfrog hits you.
* * * LOW HITPOINT WARNING * * *
Things that are here:
2 boomerangs; a goblin corpse You enter the shallow water.
Moving in this stuff is going to be slow.
Found a rapier.
The water moccasin completely misses you.
The goblin closely misses you. The bullfrog attacks as it pursues you!
The bullfrog barely misses you.
The water moccasin completely misses you.
The goblin completely misses you.
The water moccasin completely misses you.
The bullfrog hits you.
* * * LOW HITPOINT WARNING * * *
The goblin completely misses you. The bullfrog completely misses you.
The water moccasin bites you.
* * * LOW HITPOINT WARNING * * *
The goblin closely misses you. The goblin hits you but does no damage.
There is a flagged portal here.
The bullfrog hits you.
You die...

##### ##....#######
.....$.....
####.≈≈~≈≈.#
.....≈...≈.#
+###.~>hS~.#
.....≈.Fg≈.#
.....≈≈g≈≈.# #.#
......zg(..# #.#
.......z...######.#
.#....!#.#.#......#
#.###.#.#.#.##.#.#
... #.#........#.#
## #)#.###.#..#.##


You could see a water moccasin, a bullfrog, 2 wights and 3 goblins.

Vanquished Creatures
  A two-headed ogre (D:8)
  Grinder (D:4)
  A wraith (D:6)
  4 yaks (D:8)
  A steam dragon (D:7)
  A water moccasin (D:7)
  An ice beast (D:6)
  A phantom (D:6)
  A kobold brigand (Sewer)
  A scorpion (D:6)
  5 howler monkeys
  An electric eel (D:7)
  A crimson imp (D:7)
  A centaur zombie (D:3)
  A hound (D:4)
  2 jellies
  A gnoll bouda (D:7)
  5 orc priests
  4 iguanas
  A scorpion zombie (D:3)
  A sleepcap (D:5)
  Natasha (twice) (D:3)
  4 orc wizards
  A howler monkey zombie (D:3)
  5 river rats (Sewer)
  13 adders
  6 gnolls (D:7)
  A shadow imp (D:5)
  2 white imps
  An adder zombie (D:3)
  2 adder skeletons (D:3)
  5 dart slugs
  23 orcs
  11 ball pythons
  5 endoplasms
  3 giant cockroaches
  5 goblins
  8 hobgoblins
  5 jackals
  5 quokkas
  A ball python zombie (D:3)
  3 bats
  3 frilled lizards
  2 giant cockroach zombies (D:3)
  A jackal skeleton (D:3)
  16 kobolds
  2 quokka skeletons (D:3)
  22 rats
193 creatures vanquished.

Vanquished Creatures (collateral kills)
  An orc (D:5)
1 creature vanquished.

Vanquished Creatures (others)
  An orc wizard (D:5)
1 creature vanquished.

Grand Total: 195 creatures vanquished

Notes
Turn   | Place    | Note
-------+----------+-------------------------------------------
     0 | D:1      | rvierbuc the Draconian Shapeshifter began the quest for the
                  | Orb.
     0 | D:1      | Reached XP level 1. HP: 16/16 MP: 1/1
    98 | D:1      | Reached XP level 2. HP: 23/23 MP: 2/2
    98 | D:1      | Found Gatien's Jewellery Boutique.
   734 | D:2      | Reached XP level 3. HP: 28/29 MP: 3/3
   910 | D:2      | Reached XP level 4. HP: 36/36 MP: 4/4
  1079 | D:2      | Found Sashryt's Jewellery Shoppe.
  1363 | D:3      | Reached XP level 5. HP: 15/44 MP: 5/5
  1989 | D:3      | Noticed Natasha
  2001 | D:3      | Killed Natasha
  2265 | D:3      | Noticed Natasha
  2279 | D:3      | HP: 2/45 [cerulean imp/+2 spear[Natasha] (6)]
  2280 | D:3      | Killed Natasha
  2281 | D:3      | Reached XP level 6. HP: 2/51 MP: 6/6
  2996 | D:4      | Noticed Grinder
  3014 | D:4      | Paralysed by Grinder for 3 turns
  3029 | D:4      | Killed Grinder
  3030 | D:4      | Your scales start taking on a lurid green colour.
  3030 | D:4      | Reached XP level 7. HP: 20/59 MP: 7/7
  3030 | D:4      | Gained mutation: Your system is resistant to poisons.
                  | (rPois) [Green Draconian growth]
  3416 | D:5      | Entered Level 5 of the Dungeon
  3492 | D:5      | Found an iron altar of Okawaru.
  3737 | D:5      | Found a glowing drain.
  3763 | Sewer    | Entered a sewer
  3968 | Sewer    | Reached skill level 5 in Unarmed Combat
  4429 | Sewer    | Reached skill level 5 in Shapeshifting
  4773 | D:5      | Found a staircase to the Ecumenical Temple.
  5505 | D:6      | Reached skill level 5 in Fighting
  5591 | D:6      | Noticed a wraith
  5606 | D:6      | Killed a wraith
  5607 | D:6      | Reached XP level 8. HP: 32/68 MP: 8/8
  5689 | Temple   | Entered the Ecumenical Temple
  5697 | Temple   | Became a worshipper of Ashenzari the Shackled
  5698 | Temple   | Upgraded the game from 0.31-a0-654-gbe3e110b4e to
                  | 0.31-a0-662-g684573625c
  5820 | D:6      | Found an ornate altar of the Wu Jian Council.
  6036 | D:6      | HP: 3/69 [acid (4)]
  6320 | D:6      | Reached skill level 5 in Dodging
  6337 | D:6      | Found Kopt's Assorted Antiques.
  6637 | D:6      | Found a runed translucent gate.
  6638 | D:6      | Found a runed translucent gate.
  6638 | D:6      | Found a runed translucent gate.
  6639 | D:6      | Noticed a spectral unseen horror
  6640 | D:6      | Noticed soul19's ghost (novice DsMo)
  7553 | D:7      | Found a basalt altar of Yredelemnul.
  7554 | D:7      | Found a snail-covered altar of Cheibriados.
  7567 | D:7      | Reached XP level 9. HP: 47/78 MP: 9/9
  7767 | D:7      | Found a blossoming altar of Fedhas.
  8045 | D:7      | Found a burning altar of Makhleb.
  8047 | D:7      | Found a shimmering altar of Xom.
  8370 | D:8      | Noticed a two-headed ogre
  8383 | D:8      | Killed a two-headed ogre
  8431 | D:8      | Found a flagged portal.
  8441 | D:8      | HP: 3/79 [water moccasin (5)]
  8443 | D:8      | Slain by a bullfrog

Illustrated notes

Levels and vault maps discovered:
D:1:      minmay_arrival_four_houses, layout_basic, serial_shops,
          nicolae_shop_waterfront
D:2:      layout_rooms, serial_shops, nicolae_lakefront_shop
D:3:      layout_basic, serial_undead, serial_undead_c, serial_undead_a,
          serial_undead_f, serial_undead_f, serial_undead_b, serial_undead_c,
          serial_undead_f, serial_undead_b, serial_undead_d, serial_undead_b,
          guppyfry_early_orc_mine, uniq_natasha
D:4:      layout_rooms, uniq_grinder
D:5:      layout_basic, okawaru_gym_becter, minmay_temple_entry_overgrown,
          portal_sewer_entry_b
D:6:      layout_basic, nicolae_wu_jian_immortal_techniques,
          gammafunk_ghost_necromancy, serial_shops, nicolae_shop_hallway_stairs,
          nicolae_letterblocks [nicolae_letter_subblock,
          nicolae_letter_subblock, nicolae_letter_subblock,
          nicolae_letter_subblock, nicolae_letter_subblock,
          nicolae_letter_subblock, nicolae_letter_subblock,
          nicolae_letter_subblock, nicolae_letter_subblock,
          nicolae_letter_subblock, nicolae_letter_subblock,
          nicolae_letter_subblock, nicolae_letter_subblock,
          nicolae_letter_subblock, nicolae_letter_subblock,
          nicolae_letter_subblock, nicolae_letter_subblock,
          nicolae_letter_subblock, nicolae_letter_subblock,
          nicolae_letter_subblock, nicolae_letter_subblock,
          nicolae_letter_subblock, nicolae_letter_subblock,
          nicolae_letter_subblock, nicolae_letter_subblock]
D:7:      layout_loops_ring, grunt_temple_overflow_champion_of_chaos,
          fedhas_altar_2, nicolae_overflow_squiral
D:8:      layout_basic, mainiacjoe_overflow_catwalk_spiral, enter_bailey_5
Temple:   eino_temple_lava

Skill      XL: |  1  2  3  4  5  6  7  8  9 |
---------------+----------------------------+-----
Dodging        | 2 3 4 5 6 |  6.5
Fighting       | 2 3 4 5 6 7 |  7.6
Unarmed Combat | 4 5 6 7 |  7.5
Shapeshifting  | 4 5 6 7 |  7.0

Action                     |  1- 3 |  4- 6 |  7- 9 || total
---------------------------+-------+-------+-------++-------
  Melee: Unarmed           |    89 |   218 |   418 ||   725
         Tailslap          |     9 |    24 |    51 ||    84
         Punch             |     2 |     5 |    12 ||    19
 Invoke: Curse Item        |       |       |     1 ||     1
Ability: Breathe Noxious F |       |       |     6 ||     6
    Use: Potion            |       |     1 |       ||     1
         Scroll            |       |       |     1 ||     1
   Stab: Confused          |       |       |     1 ||     1
 Armour: Skin              |    23 |    52 |   194 ||   269
  Dodge: Dodged            |    61 |   153 |   342 ||   556

Table legend: (Time is in decaauts)
 A = Elapsed time spent in this place.
 B = Non-inter-level travel time spent in this place.
 C = Inter-level travel time spent in this place.
 D = Time resting spent in this place.
 E = Time spent auto-exploring this place.
 F = Levels seen in this place.
 G = Mean time per level.
                   A        B        C        D        E       F      G
               +--------+--------+--------+--------+--------+-----+--------+
         Total |   8417 |   7960 |    457 |    773 |   5353 |  10 |  841.7 |
       Dungeon |   7385 |   6943 |    442 |    773 |   4656 |   8 |  923.1 |
        Temple |     33 |     19 |     14 |      0 |     17 |   1 |   33.0 |
         Sewer |    997 |    997 |      0 |      0 |    680 |   1 |  997.0 |
               +--------+--------+--------+--------+--------+-----+--------+

Top non-repeatable levels by time:
     D:3: 1620 daAuts
     D:6: 1369 daAuts
     D:5: 1162 daAuts
     D:7: 1103 daAuts
   Sewer: 997 daAuts
     D:4: 623 daAuts
     D:1: 618 daAuts
     D:2: 534 daAuts
     D:8: 353 daAuts
  Temple: 33 daAuts
